 Dungeon Crawl Stone Soup version 0.25.1-2-g60ff931df9 (webtiles) character file.

Game seed: 5029650358480086882

1840 Froggeryz the Poker (level 9, 0/71 (72) HPs)
             Began as a Formicid Wanderer on Sept 12, 2020.
             Was a Believer of Okawaru.
             Slain by an orc warrior
             ... wielding a +0 glaive
              (28 damage)
             ... on level 6 of the Dungeon.
             The game lasted 00:08:47 (6786 turns).

Froggeryz the Poker (Formicid Wanderer)             Turns: 6786, Time: 00:08:47

HP:   0/71 (72)     AC:  8    Str: 20    XL:     9   Next: 33%
MP:   12/12         EV: 10    Int: 12    God:    Okawaru [**....]
Gold: 247           SH:  0    Dex: 10    Spells: 12/12 levels left

rFire    . . .     SeeInvis +   u - +0 halberd
rCold    . . .     Gourm    .   (no shield)
rNeg     . . .     Faith    .   q - +0 scale mail
rPois    +         Spirit   .   (helmet unavailable)
rElec    .         Reflect  .   (no cloak)
rCorr    .         Harm     .   s - +0 pair of gloves
MR       .....                  (no boots)
Stlth    ..........             (no amulet)
HPRegen  0.00/turn              (no ring)
MPRegen  0.13/turn              m - ring of poison resistance

@: non-regenerating, diseased, studying Shields
A: permanent stasis, dig shafts and tunnels, four strong arms, antennae 3
a: Dig, Shaft Self, Heroism, Renounce Religion


You were on level 6 of the Dungeon.
You worshipped Okawaru.
Okawaru was pleased with you.
You were near starving.

You visited 2 branches of the dungeon, and saw 8 of its levels.

You collected 247 gold pieces.

Inventory:

Hand Weapons
 a - a +2 spear
 d - a +0 dagger
 u - a +0 halberd (weapon)
Missiles
 c - 14 poisoned darts (quivered)
Armour
 q - a +0 scale mail (worn)
 s - a +0 pair of gloves (worn)
Jewellery
 m - a ring of poison resistance (right hand)
 n - an uncursed ring of ice
Wands
 y - a wand of flame (8)
Scrolls
 e - a scroll of fear {unknown}
 g - 8 scrolls of remove curse {unknown}
 h - a scroll of fog {unknown}
 i - 4 scrolls of teleportation {unknown}
 j - 3 scrolls of immolation {unknown}
 k - 4 scrolls of magic mapping {unknown}
 l - 13 scrolls of identify {unknown}
 p - 2 scrolls of blinking {unknown}
Potions
 b - 4 potions of lignification
 o - 2 potions of degeneration {unknown}
 r - 2 potions of heal wounds
 t - a potion of invisibility {unknown}
 v - 2 potions of curing {unknown}
 w - a potion of resistance {unknown}
Books
 x - a manual of Shields
Comestibles
 f - 9 rations


   Skills:
 - Level 7.2 Fighting
 * Level 7.5 Polearms
 - Level 1.0 Throwing
 - Level 4.4 Armour
 - Level 1.7 Dodging
 - Level 1.2 Stealth
 + Level 6.8 Shields
 - Level 2.1 Spellcasting
   Level 1.0 Air Magic


You had 12 spell levels left.
You didn't know any spells.
Your spell library was empty.

Dungeon Overview and Level Annotations

Branches:
Dungeon (7/15)             Temple (1/1) D:4

Altars:
Ashenzari
Cheibriados
Dithmenos
Elyvilon
Fedhas
Gozag
Hepliaklqana
Kikubaaqudgha
Makhleb
Nemelex Xobeh
Okawaru
Qazlal
Ru
Sif Muna
Trog
Uskayaw
Vehumet
Wu Jian
Xom
Yredelemnul
Zin
The Shining One

Annotations:
D:6 3 runed translucent doors, Kaiern's ghost, amateur MfIE


Innate Abilities, Weirdness & Mutations

You cannot be hasted, slowed, berserked, paralysed or teleported.
You can dig through walls and to a lower floor.
Your four strong arms can wield two-handed weapons with a shield.
You have a pair of large antennae on your head. (SInv)


Message History

The orc warrior is moderately wounded.
The orc warrior closely misses you.
Attack whom?
Press: ? - help, Dir - move target cursor, f/p - orc warrior
Aim: an orc warrior, wielding a +0 glaive and wearing a +3 chain mail (moderately wounded)
You reach to attack!
You hit the orc warrior.
The orc warrior is moderately wounded.
The orc warrior hits you from afar with a +0 glaive!
You are too injured to fight recklessly!
You are too injured to fight recklessly!
You are too injured to fight recklessly!
Things that are here:
a +0 morningstar; an orc corpse You hit the orc warrior but do no damage.
The orc warrior is moderately wounded.
The orc warrior barely misses you.
You puncture the orc warrior!
The orc warrior is almost dead.
The orc warrior hits you with a +0 glaive!!
You die...

#.....#.#...#{........#
#.....#.#...#.........#
#.....#'#####.........#
#....<.o....#.........#
#...........#....o....#
###.........#....o....########
###.#.#######'#....#.......#
###..#.#### #o#....#.#####.#
#.........# ##@.....'..{.##{#
###.#.##....###.##....#######.#
.......+...................o>.#
###.#..#.....##.#############.#
.............#................#
#######......#..#..........######
......#.####.####..........##....
......#.# #...............##.###
....$.#[# #######.........##.#


You could see an orc warrior.

Vanquished Creatures
  Eustachio (D:5)
  Duvessa (D:6)
  An ice beast (D:7)
  A necrophage (D:6)
  An ogre (D:5)
  4 centaurs
  2 bullfrogs
  Dowan (D:6)
  A water moccasin zombie (D:5)
  A water moccasin skeleton (D:6)
  4 wights
  2 howler monkeys (D:4)
  A hound (D:4)
  2 orc wizards
  3 bullfrog skeletons
  An iguana (D:4)
  4 worker ants
  4 gnolls (D:3)
  A howler monkey skeleton (D:5)
  4 adders
  A shadow imp (D:5)
  An adder zombie (D:5)
  2 oozes
  A worm (D:4)
  6 leopard geckos
  10 orcs
  2 giant cockroaches
  8 goblins
  2 hobgoblins
  6 jackals
  2 quokkas
  8 ball pythons
  11 bats
  8 frilled lizards
  10 kobolds
  A leopard gecko skeleton (D:6)
  A quokka skeleton (D:4)
  7 rats
127 creatures vanquished.

Notes
Turn   | Place    | Note
-------+----------+-------------------------------------------
     0 | D:1      | Froggeryz the Formicid Wanderer began the quest for the
                  | Orb.
     0 | D:1      | Froggeryz set off with the following items: a +2 spear, a
                  | potion of lignification, 14 poisoned darts, a +0 dagger, a
                  | +0 robe, a ration
     0 | D:1      | Reached XP level 1. HP: 16/16 MP: 3/3
   216 | D:1      | Reached XP level 2. HP: 21/23 MP: 5/5
   270 | D:1      | Reached skill level 1 in Armour
   366 | D:1      | Reached XP level 3. HP: 22/29 MP: 6/6
   978 | D:2      | Reached XP level 4. HP: 30/37 MP: 7/7
  1799 | D:3      | Reached XP level 5. HP: 31/43 MP: 8/8
  1803 | D:3      | Reached skill level 1 in Polearms
  2717 | D:4      | Found a staircase to the Ecumenical Temple.
  2741 | Temple   | Entered the Ecumenical Temple
  2772 | Temple   | Became a worshipper of Warmaster Okawaru
  2999 | D:4      | Reached XP level 6. HP: 48/49 MP: 9/9
  3342 | D:4      | Reached skill level 5 in Fighting
  3596 | D:5      | Entered Level 5 of the Dungeon
  3622 | D:5      | Noticed an ogre
  3663 | D:5      | Killed an ogre
  3663 | D:5      | Reached XP level 7. HP: 11/56 MP: 10/10
  3998 | D:5      | Reached * piety under Okawaru
  4134 | D:5      | Found a sacrificial altar of Ru.
  4192 | D:5      | Reached XP level 8. HP: 19/64 MP: 11/11
  4201 | D:5      | HP: 2/64 [bullfrog skeleton (3)]
  4723 | D:6      | Noticed Eustachio
  4732 | D:5      | Reached skill level 5 in Polearms
  5324 | D:5      | Killed Eustachio
  5636 | D:6      | Found a runed translucent gate.
  5641 | D:6      | Found a runed translucent gate.
  5644 | D:6      | Found a shattered altar of Ashenzari.
  5652 | D:6      | Reached ** piety under Okawaru
  5836 | D:6      | Reached skill level 5 in Shields
  5866 | D:6      | Found a runed translucent gate.
  5870 | D:6      | Noticed Kaiern's ghost (amateur MfIE)
  5950 | D:7      | Reached XP level 9. HP: 61/71 MP: 12/12
  6454 | D:6      | Noticed Duvessa
  6455 | D:6      | Noticed Dowan
  6477 | D:6      | Killed Duvessa
  6488 | D:6      | Killed Dowan
  6786 | D:6      | Slain by an orc warrior

Illustrated notes

Levels and vault maps discovered:
D:1:      zelgadis_glass_arrival_small, layout_rooms, minivault_23
D:2:      layout_basic, minmay_shallow_snake_nest
D:3:      layout_loops_corners, first_ration, minmay_checkerbox
D:4:      layout_cave_pools, minmay_temple_entry_mini_moons, serial_bayou,
          serial_bayou_pond_d, serial_bayou_lagoon_a, serial_bayou_crossing,
          serial_bayou_pond_c
D:5:      layout_rooms, kennysheep_mini, minmay_manual_mares
D:6:      minmay_octagon_keep, layout_basic, gammafunk_ghost_split,
          cheibrodos_ashenzari_chains, uniq_eustachio, uniq_menkaure,
          uniq_duvessa
D:7:      minmay_the_grid_octo_triangle [minmay_the_grid_octo_checkerflower,
          minmay_the_grid_octo_prize_big_c, minmay_the_grid_octo_pinwheel],
          layout_cave_pools, uniq_joseph
Temple:   nicolae_temple_the_god_donut

Skill      XL: |  1  2  3  4  5  6  7  8  9 |
---------------+----------------------------+-----
Armour         | 1 2 3 4 |  4.4
Fighting       | 3 4 5 6 7 |  7.2
Polearms       | 2 3 4 6 7 |  7.5
Shields        | 5 6 |  6.8
Throwing       | |  1.0
Dodging        | |  1.7
Stealth        | |  1.2
Spellcasting   | |  2.1
Air Magic      | |  1.0

Action                   |  1- 3 |  4- 6 |  7- 9 || total
-------------------------+-------+-------+-------++-------
Melee: Spear             |   103 |   267 |   302 ||   672
       Halberd           |       |       |    50 ||    50
Throw: Dart              |       |     6 |       ||     6
Invok: Heroism           |       |       |     2 ||     2
 Abil: Dig               |       |       |     4 ||     4
  Use: Potion            |       |       |     1 ||     1
 Stab: Sleeping          |     1 |       |       ||     1
  Eat: Chunk             |       |     9 |     9 ||    18
Armor: Robe              |    19 |       |       ||    19
       Scale mail        |     6 |    97 |   139 ||   242
Dodge: Dodged            |    68 |   120 |   176 ||   364
